 Dungeon Crawl Stone Soup version 0.22-a0-159-g7ce444f (webtiles) character file.

4426 mhoghedin the Chiller (level 10, -2/86 HPs)
             Began as a Grey Draconian Ice Elementalist on Feb 9, 2018.
             Was a Believer of Ashenzari.
             Slain by a polar bear (13 damage)
             ... in an ice cave.
             The game lasted 00:25:17 (11299 turns).

mhoghedin the Chiller (DrIE)                       Turns: 11299, Time: 00:25:18

Health: -2/86      AC: 18    Str: 12    XL:     10   Next: 14%
Magic:  7/17       EV: 16    Int: 18    God:    Ashenzari [**....]
Gold:   625        SH:  0    Dex: 16    Spells: 7/19 levels left

rFire    . . .     SeeInvis .   p - +1 lajatang (curse)
rCold    . . .     Gourm    .   (shield currently unavailable)
rNeg     . . .     Faith    .   (armour unavailable)
rPois    .         Spirit   .   (helmet restricted)
rElec    .         Reflect  .   (no cloak)
rCorr    .         Harm     .   q - +2 pair of gloves {Dex+3} (curse)
MR       .....                  j - +2 pair of boots (curse)
Stlth    +++.......             (no amulet)
HPRegen  0.24/turn              s - +2 ring of dexterity
MPRegen  0.15/turn              v - ring of stealth {Stlth+}

@: very slightly contaminated
A: walk through water, unfitting armour, unbreathing, cold-blooded, AC +12
a: Curse Item, Scrying, Renounce Religion


You were in an ice cave.
You worshipped Ashenzari.
Ashenzari was pleased with you.
You were not hungry.

You visited 2 branches of the dungeon, and saw 10 of its levels.
You also visited: Bailey and Ice Cave.

You collected 1135 gold pieces.
You spent 510 gold pieces at shops.

Inventory:

Hand Weapons
 p - a cursed +1 lajatang (weapon)
   (You found it on level 5 of the Dungeon)
Missiles
 t - 11 throwing nets {=f, !d}
Armour
 j - a cursed +2 pair of boots (worn)
   (You found it on level 1 of the Dungeon)
 q - a cursed +2 pair of gloves of dexterity (worn)
   (You bought it in a shop on level 7 of the Dungeon)
Jewellery
 s - a +2 ring of dexterity (left hand)
   (You found it on level 3 of the Dungeon)
 v - a ring of stealth (right hand) {Stlth+}
   (You found it on level 9 of the Dungeon)
Scrolls
 c - 3 scrolls of identify
 g - 3 scrolls of random uselessness
 h - a scroll of amnesia
 i - 2 scrolls of remove curse
 k - 2 scrolls of blinking {!r}
 m - 2 scrolls of noise {!r}
 n - 2 scrolls of fear
 r - 8 scrolls of teleportation
 u - 2 scrolls of immolation {!r}
 y - a scroll of fog
 B - a scroll of enchant armour
Potions
 d - a potion of mutation {!q}
 f - 4 potions of curing
 l - a potion of resistance
 o - a potion of brilliance
 w - a potion of ambrosia
 x - a potion of invisibility
 z - a potion of lignification {!q}
 A - a potion of heal wounds {unknown}
Books
 a - a book of Frost
Miscellaneous
 e - a crystal ball of energy
   (You found it in a bailey)
 C - a lightning rod (4/4)
   (You found it on level 9 of the Dungeon)
Comestibles
 b - 15 rations


   Skills:
 + Level 7.0 Fighting
   Level 1.2(3.4) Maces & Flails
 + Level 5.1(8.2) Staves
 + Level 6.1 Dodging
 - Level 1.7 Stealth
 - Level 5.1 Spellcasting
 + Level 3.7 Conjurations
 - Level 4.1 Summonings
 + Level 7.2 Ice Magic


You had 7 spell levels left.
You knew the following spells:

 Your Spells              Type           Power        Failure   Level  Hunger
a - Freeze                Ice            ####         1%          1    None
b - Summon Ice Beast      Ice/Summ       ####....     12%         4    ####...
x - Throw Icicle          Conj/Ice       ###.....     14%         4    ####...
A - Ozocubu's Armour      Chrm/Ice       ###.....     9%          3    ##.....


Dungeon Overview and Level Annotations

Branches:
Dungeon (9/15)             Temple (0/1) D:4            Lair (1/6) D:9
    Orc (0/2) D:9

Altars:
Ashenzari
Cheibriados
Uskayaw
Vehumet
Wu Jian
Yredelemnul

Shops:
D:7 %[[[


Innate Abilities, Weirdness & Mutations

You can walk through water.
Your dull iron-grey scales are very hard. (AC +12)
You cannot fit into any form of body armour.
You can survive without breathing.
You are cold-blooded and may be slowed by cold attacks.


Message History

All of the chunks of flesh in your inventory have rotted away.
Health restored: 86; MP restored: 17 Unknown command.
A wolf and a polar bear come into view.
No target in view!
You enter the shallow water.
Moving in this stuff is going to be slow.
A wolf comes into view.
The wolf howls!
You hear an angry growl.
A polar bear comes into view.
You are engulfed in freezing vapours.
You feel yourself slow down.
You take 12 damage, and have 74/86 hp.
Really walk into that cloud of freezing vapour?
Okay, then.
Unknown command.
Unknown command.
A chill wind blows around you. The wolf misses you.
You now have 13/17 mp.
You barely miss the wolf. The wolf bites you.
The wolf bites you but does no damage. x2
Your ice beast completely misses the wolf.
The wolf bites you but does no damage.
You take 6 damage, and have 69/86 hp.
You closely miss the wolf.
You are engulfed in freezing vapours.
The wolf is engulfed in freezing vapours.
The wolf splashes around in the water.
The wolf is engulfed in freezing vapours.
The wolf misses you.
The wolf is engulfed in freezing vapours.
The wolf splashes around in the water.
Your ice beast closely misses the wolf.
The wolf is engulfed in freezing vapours.
The wolf barely misses you.
The wolf is engulfed in freezing vapours.
The wolf closely misses you.
Your ice beast hits the wolf but does no damage.
You take 3 damage, and have 66/86 hp.
You closely miss the wolf.
You are engulfed in freezing vapours.
The wolf is engulfed in freezing vapours.
The wolf bites you but does no damage.
The wolf is engulfed in freezing vapours.
The wolf dies!
The wolf is engulfed in freezing vapours.
The wolf dies!
You take 30 damage, and have 36/86 hp.
MASSIVE DAMAGE!!
Unknown command.
Unknown command.
You swap places.
You are engulfed in freezing vapours.
* * * LOW HITPOINT WARNING * * *
You feel yourself speed up.
The polar bear growls angrily.
The polar bear is engulfed in freezing vapours.
You take 25 damage, and have 11/86 hp.
MASSIVE DAMAGE!!
Unknown command.
The polar bear is engulfed in freezing vapours.
What are your orders? t - Shout!
Orders for allies: a - Attack new target. r - Retreat! s - Stop attacking. g - Guard the area. f - Follow me.
Anything else - Cancel.
Gang up on whom?
Aim: a polar bear (freezing vapour, severely wounded) Attack!
The polar bear is engulfed in freezing vapours.
The polar bear bites your ice beast!
The polar bear claws your ice beast but does no damage.
The polar bear claws your ice beast.
Your ice beast barely misses the polar bear.
The polar bear bites your ice beast! The polar bear claws your ice beast.
Your ice beast dies!
Aim: a polar bear (severely wounded)
The shard of ice hits the polar bear.
The polar bear partially resists.
The polar bear goes berserk!
You now have 10/17 mp.
Aim: a polar bear (almost dead, berserk, fast, unusually strong)
You miscast Throw Icicle.
You are very lightly contaminated with residual magic.
You feel a strange surge of energy!
The polar bear rages.
The polar bear completely misses you.
The polar bear claws you but does no damage.
The polar bear misses you.
You now have 6/17 mp.
You barely miss the polar bear. The polar bear misses you.
The polar bear barely misses you. The polar bear claws you.
* * * LOW HITPOINT WARNING * * *
You take 1 damage, and have 11/86 hp.
You hit the polar bear.
You tail-slap the polar bear, but do no damage.
The polar bear barely misses you. The polar bear closely misses you.
The polar bear misses you. The polar bear closely misses you.
The polar bear barely misses you.
The polar bear claws you but does no damage.
You barely miss the polar bear.
The polar bear is engulfed in freezing vapours.
The polar bear bites you!
You die...

≈ ≈ , ** * * ,* ,* , *
≈* , ** *≈ * ** * ###
,, ##§##** * *≈ *
*##§§§##≈ #§§§h§##≈###
*, #...#.#@.###.####
≈*
.....#†###........###*
#...*## ,###.....∩..##
### * , ∆ ##.#...÷∩.#
* , * #######..# *,*
#### *


You could see a polar bear (berserk).

Vanquished Creatures
  2 yaks (Lair:1)
  A wyvern (D:8)
  Duvessa (D:7)
  A water moccasin (D:9)
  A hornet zombie (D:7)
  2 ice beasts
  2 sky beasts (D:6)
  An ogre (D:8)
  A wolf (IceCv)
  3 centaurs
  7 bullfrogs
  8 gnoll sergeants (Bailey)
  Dowan (D:7)
  A water moccasin skeleton (D:7)
  3 scorpions
  4 wights (D:8)
  2 howler monkeys (D:5)
  2 crimson imps
  5 hounds
  2 jellies
  6 gnoll shamans
  2 orc priests (D:6)
  2 orc wizards (D:9)
  2 iguanas (D:8)
  Jessica (D:3)
  A bullfrog skeleton (D:7)
  9 worker ants
  A hound zombie (D:6)
  18 gnolls
  6 adders
  A shadow imp (D:8)
  4 worms
  2 dart slugs
  7 leopard geckos
  12 orcs
  4 giant cockroaches
  12 goblins
  2 hobgoblins
  8 jackals
  3 quokkas
  5 bats
  2 frilled lizards
  7 kobolds
  6 rats
173 creatures vanquished.

Vanquished Creatures (collateral kills)
  A yak (IceCv)
  Edmund (D:4)
  2 wolves (IceCv)
  A gnoll shaman (Bailey)
  2 hounds (Bailey)
  3 orc wizards (D:6)
  A gnoll (Bailey)
11 creatures vanquished.

Vanquished Creatures (others)
  2 yaks (IceCv)
  4 wolves (IceCv)
6 creatures vanquished.

Grand Total: 190 creatures vanquished

Notes
Turn   | Place    | Note
-------+----------+-------------------------------------------
     0 | D:1      | mhoghedin the Draconian Ice Elementalist began the quest for the Orb.
     0 | D:1      | Reached XP level 1. HP: 14/14 MP: 3/3
   221 | D:1      | Reached skill level 2 in Dodging
   272 | D:1      | Reached XP level 2. HP: 14/22 MP: 5/5
   556 | D:1      | Reached skill level 1 in Fighting
   749 | D:2      | Learned a level 2 spell: Throw Frost
  1189 | D:2      | Reached XP level 3. HP: 12/28 MP: 4/6
  1763 | D:2      | Found an ornate altar of the Wu Jian Council.
  1941 | D:3      | Learned a level 3 spell: Ozocubu's Armour
  1950 | D:3      | Noticed Jessica
  1987 | D:3      | Killed Jessica
  1987 | D:3      | Reached XP level 4. HP: 24/36 MP: 3/7
  2227 | D:3      | Reached skill level 2 in Fighting
  2321 | D:3      | Noticed a bullfrog
  2334 | D:3      | Killed a bullfrog
  2334 | D:3      | Reached skill level 3 in Spellcasting
  2334 | D:3      | Reached XP level 5. HP: 37/42 MP: 9/9
  2414 | D:3      | Found a shattered altar of Ashenzari.
  2414 | D:3      | Found a snail-covered altar of Cheibriados.
  2415 | D:3      | Found a basalt altar of Yredelemnul.
  2422 | D:3      | Became a worshipper of Ashenzari the Shackled
  2465 | D:3      | Reached skill level 3 in Dodging
  2465 | D:3      | Reached skill level 4 in Ice Magic
  2490 | D:3      | Learned a level 4 spell: Summon Ice Beast
  2844 | D:4      | Found a staircase to the Ecumenical Temple.
  2844 | D:4      | Noticed Edmund
  2873 | D:4      | Killed Edmund
  2873 | D:4      | Reached skill level 3 in Fighting
  2873 | D:4      | Reached XP level 6. HP: 44/51 MP: 4/11
  3063 | D:4      | Reached skill level 1 in Summonings
  3765 | D:5      | Entered Level 5 of the Dungeon
  3996 | D:5      | Your scales start taking on a dull iron-grey colour.
  3996 | D:5      | Reached XP level 7. HP: 51/57 MP: 12/12
  3996 | D:5      | Gained mutation: You can survive without breathing. [Grey Draconian growth]
  4250 | D:5      | Reached skill level 1 in Maces & Flails
  4339 | D:5      | Reached skill level 2 in Summonings
  4505 | D:5      | Reached skill level 4 in Spellcasting
  4751 | D:6      | Reached skill level 4 in Fighting
  4935 | D:6      | Reached skill level 1 in Staves
  4935 | D:6      | Reached skill level 4 in Dodging
  4959 | D:6      | Reached skill level 5 in Ice Magic
  4986 | D:6      | Reached XP level 8. HP: 43/66 MP: 14/14
  5010 | D:6      | Reached * piety under Ashenzari
  5244 | D:6      | Reached skill level 3 in Summonings
  5248 | D:6      | Reached skill level 2 in Staves
  5845 | D:7      | Found a hide-covered altar of Uskayaw.
  5859 | D:7      | Found Saeblerch's Antique Armour Shop.
  5919 | D:7      | Noticed Dowan
  5953 | D:7      | HP: 15/67 [water moccasin skeleton (7)]
  5961 | D:7      | HP: 16/67 [water moccasin skeleton (6)]
  6028 | D:7      | Found a flagged portal.
  6071 | Bailey   | Entered a bailey
  6097 | Bailey   | HP: 13/67 [gnoll/trident (11)]
  6405 | Bailey   | Reached skill level 5 in Fighting
  6437 | Bailey   | HP: 4/68 [gnoll sergeant/halberd (17)]
  7113 | Bailey   | Reached skill level 3 in Staves
  8063 | Bailey   | Reached skill level 5 in Spellcasting
  8079 | Bailey   | Reached XP level 9. HP: 63/74 MP: 16/16
  8098 | Bailey   | Reached skill level 5 in Dodging
  8107 | Bailey   | Reached skill level 4 in Summonings
  8305 | Bailey   | Reached skill level 6 in Ice Magic
  8317 | Bailey   | HP: 14/74 [gnoll sergeant/halberd (7)]
  8706 | D:7      | Learned a level 4 spell: Throw Icicle
  8740 | D:7      | Found Uqigyqu's Antique Armour Emporium.
  8745 | D:7      | Bought a pair of glowing gloves for 225 gold pieces
  8745 | D:7      | Bought a slimy shield for 285 gold pieces
  8813 | D:7      | Noticed Duvessa
  8825 | D:7      | Killed Duvessa
  8849 | D:7      | Killed Dowan
  8913 | D:7      | Found Sogenoti's Food Boutique.
  8969 | D:7      | Found Virgh's Armour Emporium.
  9149 | D:7      | Reached skill level 4 in Staves
  9202 | D:7      | Reached skill level 6 in Fighting
  9202 | D:7      | Reached skill level 2 in Conjurations
  9534 | D:8      | Reached ** piety under Ashenzari
  9892 | D:8      | Found a radiant altar of Vehumet.
  9989 | D:8      | Reached skill level 3 in Conjurations
 10016 | D:8      | Reached skill level 7 in Ice Magic
 10148 | D:9      | Found a staircase to the Orcish Mines.
 10218 | D:9      | Found a staircase to the Lair.
 10273 | D:9      | Identified a lightning rod (4/4)
 10576 | D:9      | Reached skill level 6 in Dodging
 10576 | D:9      | Reached XP level 10. HP: 84/84 MP: 17/17
 10939 | Lair:1   | Entered Level 1 of the Lair of Beasts
 10951 | Lair:1   | Reached skill level 5 in Staves
 10986 | Lair:1   | Found a frozen archway.
 10998 | Lair:1   | Noticed a spiny frog
 11001 | IceCv    | Entered an ice cave
 11019 | IceCv    | Reached skill level 7 in Fighting
 11291 | IceCv    | HP: 11/86 [something (25)]
 11297 | IceCv    | HP: 11/86 [polar bear (2)]
 11299 | IceCv    | Slain by a polar bear

Vault maps used:
D:1:      minmay_arrival_four_loops
D:2:      lemuel_doored_altar, minmay_misc_feat_tiny, feat_on_display
D:3:      gammafunk_temple_overflow_claw, minmay_strange_pillars, uniq_jessica
D:4:      minmay_temple_entry_overgrown, first_ration, uniq_edmund
D:6:      hangedman_decor_growths
D:7:      eat_drink_and_be_merry_uskayaw, serial_shops,
          nicolae_shop_statue_plus, nicolae_shop_statue_plus,
          nicolae_shop_trees, kennysheep_little_box, enter_bailey_3,
          uniq_duvessa
D:8:      kennysheep_mini_moat
D:9:      lair_entry_dummy, orc_0_dummy
Lair:1:   portal_ice_cave_entry_pillars_1
Bailey:   bailey_polearm_gnolls_kennysheep, bailey
IceCv:    ice_cave_caverns_02

Skill      XL: |  1  2  3  4  5  6  7  8  9 10 |
---------------+-------------------------------+-----
Dodging        | 2 3 4 6 |  6.1
Fighting       | 1 2 3 4 5 6 7 |  7.0
Spellcasting   | 3 4 5 |  5.1
Ice Magic      | 4 5 7 |  7.2
Summonings     | 1 2 3 4 |  4.1
Maces & Flails | 1 |  1.2
Staves         | 1 3 4 5 |  5.1
Conjurations   | 3 |  3.7
Stealth        | |  1.7

Action                   |  1- 3 |  4- 6 |  7- 9 | 10-12 || total
-------------------------+-------+-------+-------+-------++-------
Melee: Dagger            |   129 |   211 |       |       ||   340
       Tailslap          |    14 |    28 |    86 |     6 ||   134
       Unarmed           |     2 |       |       |       ||     2
       Flail             |       |    18 |    36 |       ||    54
       Lajatang          |       |       |   489 |    33 ||   522
 Cast: Freeze            |    17 |    11 |    28 |       ||    56
       Summon Ice Beast  |       |     2 |     8 |     2 ||    12
       Ozocubu's Armour  |       |     1 |     9 |     1 ||    11
       Throw Icicle      |       |       |       |     1 ||     1
Invok: Curse Item        |       |       |     2 |       ||     2
  Use: Scroll            |     1 |     5 |    15 |       ||    21
       Potion            |       |     1 |     2 |       ||     3
 Stab: Sleeping          |     2 |     4 |     8 |       ||    14
       Distracted        |       |     1 |       |       ||     1
  Eat: Chunk             |     3 |     7 |     5 |     1 ||    16
       Ration            |       |       |     6 |     1 ||     7
Armor: Skin              |    41 |    94 |   250 |    18 ||   403
Dodge: Dodged            |   102 |   156 |   531 |    49 ||   838

Table legend:
 A = Spawn XP
 B = Non-spawn XP
 C = Spawn XP percentage of total XP
 D = Spawn monster count
 E = Non-spawn monster count
 F = Spawn count percentage of total count
 G = Total turns spent on level
                    A         B        C        D         E        F      G
               +---------+---------+-------+---------+---------+-------+---------
         Total |       0 |    6323 |   0.0 |       0 |     184 |   0.0 | 11299
               +---------+---------+-------+---------+---------+-------+---------
           D:1 |       0 |      25 |   0.0 |       0 |      15 |   0.0 |   745
           D:2 |       0 |      30 |   0.0 |       0 |      14 |   0.0 |  1220
           D:3 |       0 |     249 |   0.0 |       0 |      20 |   0.0 |   689
           D:4 |       0 |     302 |   0.0 |       0 |      17 |   0.0 |  1111
           D:5 |       0 |     438 |   0.0 |       0 |      10 |   0.0 |   887
           D:6 |       0 |     716 |   0.0 |       0 |      16 |   0.0 |  1189
           D:7 |       0 |    1082 |   0.0 |       0 |      21 |   0.0 |   868
           D:8 |       0 |    1169 |   0.0 |       0 |      24 |   0.0 |   809
           D:9 |       0 |     414 |   0.0 |       0 |      11 |   0.0 |   792
        Lair:1 |       0 |     415 |   0.0 |       0 |       2 |   0.0 |    62
        Bailey |       0 |    1126 |   0.0 |       0 |      30 |   0.0 |  2629
         IceCv |       0 |     357 |   0.0 |       0 |       4 |   0.0 |   298
               +---------+---------+-------+---------+---------+-------+---------

Vault maps used:
D:1:      minmay_arrival_four_loops
D:2:      lemuel_doored_altar, minmay_misc_feat_tiny, feat_on_display
D:3:      gammafunk_temple_overflow_claw, minmay_strange_pillars, uniq_jessica
D:4:      minmay_temple_entry_overgrown, first_ration, uniq_edmund
D:6:      hangedman_decor_growths
D:7:      eat_drink_and_be_merry_uskayaw, serial_shops,
          nicolae_shop_statue_plus, nicolae_shop_statue_plus,
          nicolae_shop_trees, kennysheep_little_box, enter_bailey_3,
          uniq_duvessa
D:8:      kennysheep_mini_moat
D:9:      lair_entry_dummy, orc_0_dummy
Lair:1:   portal_ice_cave_entry_pillars_1
Bailey:   bailey_polearm_gnolls_kennysheep, bailey
IceCv:    ice_cave_caverns_02

Table legend:
 A = Turns spent in this place as a percentage of turns spent in the entire game.
 B = Non-inter-level travel turns spent in this place as a percentage of non-inter-level travel turns spent in the entire game.
 C = Inter-level travel turns spent in this place as a percentage of turns spent in this place.
 D = Turns resting spent in this place as a percentage of non-inter-level travel turns spent in this place.
 E = Turns spent auto-exploring this place as a percentage of non-inter-level travel turns spent in this place.
 F = Non-inter-level travel turns spent in this place divided by the number of levels of this place that you've seen.
                   A       B       C       D       E      F
               +-------+-------+-------+-------+-------+----------------------
         Total | 100.0 | 100.0 |   3.1 |  34.8 |  43.4 | 912.7
       Dungeon |  73.5 |  72.7 |   4.2 |  22.7 |  57.9 | 884.8
          Lair |   0.5 |   0.6 |   0.0 |   0.0 |   0.0 |  62.0
        Bailey |  23.3 |  24.0 |   0.0 |  66.8 |   5.1 | 2629.0
      Ice Cave |   2.6 |   2.7 |   0.0 |  82.6 |   3.4 | 298.0
               +-------+-------+-------+-------+-------+----------------------

Table legend:
 A = Kills in this place as a percentage of kills in entire the game.
 B = Kills by you in this place as a percentage of kills by you in the entire game.
 C = Kills by friends in this place as a percentage of kills by friends in the entire game.
 D = Other kills in this place as a percentage of other kills in the entire game.
 E = Experience gained in this place as a percentage of experience gained in the entire game.
 F = Experience gained in this place divided by the number of levels of this place that you have seen.
                   A       B       C       D       E      F
               +-------+-------+-------+-------+-------+----------------------
         Total | 100.0 | 100.0 | 100.0 |   N/A | 100.0 | 526.9
       Dungeon |  80.4 |  83.2 |  36.4 |   N/A |  70.0 | 491.7
          Lair |   1.1 |   1.2 |   0.0 |   N/A |   6.6 | 415.0
        Bailey |  16.3 |  15.0 |  36.4 |   N/A |  17.8 | 1126.0
      Ice Cave |   2.2 |   0.6 |  27.3 |   N/A |   5.6 | 357.0
               +-------+-------+-------+-------+-------+----------------------
